 Dungeon Crawl Stone Soup version 0.28.0-43-g3370ac3207 (webtiles) character file.

Game seed: 12795662077141819671

102667 unlimited1921 the Eclecticist (level 16, -4/116 HPs)
             Began as a Djinni Fire Elementalist on Feb 28, 2022.
             Was an Initiate of Gozag.
             Killed from afar by a deep elf zephyrmancer (33 damage)
             ... with a bolt of lightning
             ... on level 2 of the Elven Halls on Mar 1, 2022.
             The game lasted 05:45:24 (50061 turns).

unlimited1921 the Eclecticist (DjFE)               Turns: 50061, Time: 05:45:27

Health: -4/116     AC: 17    Str: 24    XL:     16   Next: 86%
Gold:   2396       EV: 16    Int: 34    God:    Gozag SH: 21 Dex: 20

rFire   + . .      SeeInvis .   T - +7 broad axe "Spiderslayer" {freeze, Str+8}
rCold   x . .      Faith    .   U - +5 kite shield {AC+3}
rNeg    + . .      Spirit   .   Z - +1 scale mail of the Northern Lights {Rampage Dex+3}
rPois   ∞          Reflect  +   X - +2 hat {Will+}
rElec   .          Harm     .   r - +2 cloak
rCorr   .          Rampage  +   (no gloves)
Will    ++...                   (boots unavailable)
Stlth   ++........              E - amulet of reflection
HPRegen 0.29/turn               b - +6 ring of intelligence
MPRegen 0.00/turn               h - ring "Hyarip" {rF- rN+ Str+9 Int+6 Slay+6}

@: flying
A: sickness immunity, fire resistance 2, cold vulnerability 1, float, innate
caster, HP casting, extra vitality 1
a: Renounce Religion, Potion Petition, Call Merchant, Bribe Branch


You were on level 2 of the Elven Halls.
You worshipped Gozag.
Gozag was most pleased with you.
You visited 4 branches of the dungeon, and saw 21 of its levels.

You collected 5886 gold pieces.
You spent 3455 gold pieces at shops.
You paid 35 gold pieces to Gozag.

Inventory:

Hand Weapons
 f - the +6 arbalest "Conservator" {speed, rCorr}
   (You bought it in a shop on level 11 of the Dungeon)

   Attacks with this weapon are significantly faster.
   rCorr:     It protects you from acid and corrosion.
 N - a +2 vorpal lajatang
 Q - a +4 scimitar of flaming
 T - the +7 broad axe "Spiderslayer" (weapon) {freeze, Str+8}
   (You took it off a tengu warrior on level 10 of the Dungeon)

   It freezes those it strikes, dealing additional cold damage.
   It can also slow down cold-blooded creatures.
   Str:       It affects your strength (+8).
Missiles
 d - 6 boomerangs
 k - 288 bolts
 o - a throwing net
 z - 9 poisoned darts
 O - 3 boomerangs of dispersal
 W - 2 javelins
Armour
 l - a +2 leather armour of positive energy
 n - the +10 tower shield of Ignorance {rN+ Int-4}
   (You found it on level 1 of the Elven Halls)

   Int:       It affects your intelligence (-4).
   rN:        It protects you from negative energy.
 r - a +2 cloak (worn)
 U - a +5 kite shield of protection (worn)
 X - a +2 hat of willpower (worn)
 Z - the +1 scale mail of the Northern Lights (worn) {Rampage Dex+3}
   (You found it on level 11 of the Dungeon)

   Dex:       It affects your dexterity (+3).
   Rampage:   It bestows one free step when moving towards enemies.
Jewellery
 b - a +6 ring of intelligence (left hand)
 h - the ring "Hyarip" (right hand) {rF- rN+ Str+9 Int+6 Slay+6}
   (You found it on level 15 of the Dungeon)

   [ring of intelligence]

   Str:       It affects your strength (+9).
   Int:       It affects your intelligence (+6).
   Slay:      It affects your accuracy & damage with ranged weapons and melee
   (+6).
   rF:        It makes you vulnerable to fire.
   rN:        It protects you from negative energy.
 w - a +6 ring of dexterity
 y - a ring of protection from cold
 D - a +4 ring of protection
 E - an amulet of reflection (around neck)
 R - a ring of resist corrosion
Wands
 B - a wand of charming (4)
 F - a wand of paralysis (16)
 H - a wand of polymorph (6)
 I - a wand of digging (14)
 M - a wand of mindburst (11)
 S - a wand of acid (5)
 Y - a wand of iceblast (7)
Scrolls
 c - 4 scrolls of identify
 j - 4 scrolls of immolation
 p - 2 scrolls of summoning
 t - 5 scrolls of teleportation
 u - 3 scrolls of fog
 A - 3 scrolls of enchant armour
 J - 6 scrolls of enchant weapon
 K - 5 scrolls of magic mapping
 L - 3 scrolls of fear
 P - a scroll of silence
Potions
 a - 2 potions of heal wounds
 e - 3 potions of cancellation
 g - 2 potions of invisibility
 i - 5 potions of curing
 m - 2 potions of berserk rage
 q - a potion of ambrosia
 v - 2 potions of might
 x - 2 potions of lignification
 C - a potion of brilliance
 G - 4 potions of haste
Miscellaneous
 s - a phantom mirror
 V - a box of beasts


   Skills:
 * Level 11.1 Fighting
 - Level 2.0 Short Blades
 + Level 4.8 Axes
 - Level 2.0 Staves
 - Level 2.4 Crossbows
 + Level 1.7 Throwing
 + Level 9.3 Armour
 * Level 11.0 Dodging
 + Level 4.1 Stealth
 * Level 7.4 Shields
 * Level 15.8 Spellcasting
 + Level 1.7 Evocations


You had 9 spell levels left.
You knew the following spells:

 Your Spells              Type           Power      Damage    Failure   Level
a - Foxfire               Conj/Fire      100%       2x1d9     0%          1
b - Scorch                Fire           100%       2d10      1%          2
c - Conjure Flame         Conj/Fire      94%        6-21      1%          3
d - Inner Flame           Hex/Fire       94%        N/A       1%          3
e - Flame Wave            Conj/Fire      94%        2d16      1%          4
f - Apportation           Tloc           100%       N/A       0%          1
g - Corpse Rot            Necr/Air       100%       N/A       1%          2
h - Confusing Touch       Hex            94%        N/A       1%          3
i - Stone Arrow           Conj/Erth      100%       3d13      1%          3
j - Hailstorm             Conj/Ice       94%        3d19      1%          4
k - Freezing Cloud        Conj/Ice/Air   47%        6-21      1%          5
l - Iron Shot             Conj/Erth      47%        9d9       1%          6
Your spell library was empty.

Dungeon Overview and Level Annotations

Branches:
Dungeon (15/15)            Temple (0/1) D:7            Lair (0/6) D:8
    Orc (2/2) D:10            Elf (2/3) Orc:2        Vaults (0/5) D:14
 Depths (2/4) D:15

Altars:
Dithmenos
Elyvilon
Gozag
Kikubaaqudgha
Nemelex Xobeh
Qazlal
Vehumet
Beogh

Shops:
D:6 ?   D:7 *?:   D:11 (([(   D:15 =   Orc:2 (:(?   Elf:1 *

Portals:
Hell: Depths:1
Bazaar: Elf:2


Innate Abilities, Weirdness & Mutations

You are immune to sickness and miasma.
You are immune to poison.
Your flesh is very heat resistant. (rF++)
You are vulnerable to cold. (rC-)
You float through the air rather than walking.
You learn spells naturally, not from books.
Your magical power is your life essence.
You have superior vitality. (+4 MHP)


Message History

Confirm with . or Enter, or press ? or * to list all spells.
You conjure some foxfire!
* * * LOW HITPOINT WARNING * * *
The deep elf zephyrmancer casts a spell.
The deep elf zephyrmancer blinks!
You block the deep elf zephyrmancer's attack.
Your foxfire dissipates!
The foxfire hits the deep elf zephyrmancer but does no damage.
Casting: Foxfire (safe; 0% risk of failure)
Confirm with . or Enter, or press ? or * to list all spells.
You conjure some foxfire!
* * * LOW HITPOINT WARNING * * *
Your foxfire dissipates!
The foxfire hits the deep elf zephyrmancer!
Flame seeps out of the deep elf zephyrmancer.
The deep elf zephyrmancer is lightly wounded.
The deep elf zephyrmancer is engulfed in blazing flames.
Flame seeps out of the deep elf zephyrmancer.
You block the deep elf zephyrmancer's attack.
Casting: Foxfire (safe; 0% risk of failure)
Confirm with . or Enter, or press ? or * to list all spells.
You conjure some foxfire!
* * * LOW HITPOINT WARNING * * *
The deep elf zephyrmancer gestures wildly while chanting.
The deep elf zephyrmancer blinks!
You block the deep elf zephyrmancer's attack.
Your foxfire dissipates!
The foxfire hits the deep elf zephyrmancer.
Flame seeps out of the deep elf zephyrmancer.
The deep elf zephyrmancer is heavily wounded.
The deep elf zephyrmancer is engulfed in blazing flames.
Flame seeps out of the deep elf zephyrmancer.
Casting: Foxfire (safe; 0% risk of failure)
Confirm with . or Enter, or press ? or * to list all spells.
You conjure some foxfire!
* * * LOW HITPOINT WARNING * * *
The deep elf zephyrmancer points at you and mumbles some strange words.
The bolt of lightning hits you!!
You die...
Your body crumbles into a pile of gold.

######$..###### #.§..# ##.####
#e.# #.## ##.# ### #..#
###.####○## ####
###########....v@e.###########...
..........'....v§...(........'...
###########.....############.##.'
##'#.'## #.#'.# ##.####.##
##'#'## ########.## ##.## #.....#
##.....#'## ##.## #.....#
#.......## ##.## ###.....#
.........# ##.## ##.##..⌠..


You could see a deep elf zephyrmancer (inner flame, ally target).

Vanquished Creatures
  A deep elf sorcerer (Elf:1)
  A deep elf annihilator (Elf:1)
  3 ettins (Depths:1)
  2 fire dragons (Depths:1)
  A rakshasa (D:10)
  2 great orbs of eyes (Depths:1)
  7 vault guards (D:14)
  4 boulder beetles
  Erolcha (D:11)
  A spriggan air mage (Depths:1)
  Erica (D:11)
  5 ogre magi
  7 centaur warriors
  2 hydras
  7 two-headed ogres
  A deep troll shaman (Depths:1)
  A deep troll earth mage (Depths:1)
  6 tengu warriors
  3 orc high priests
  A salamander mystic (Depths:1)
  6 deep elf knights
  Nergalle (Orc:2)
  A deep troll (Depths:2)
  A wizard (D:15)
  A wolf spider zombie (D:15)
  4 deep elf archers (Elf:2)
  19 deep elf pyromancers
  A necromancer (D:15)
  16 deep elf zephyrmancers
  25 ugly things
  11 orc sorcerers
  2 salamanders (Depths:1)
  3 cyclopes
  A moth of wrath (shapeshifter) (D:13)
  4 centaur zombies
  2 naga magi (D:15)
  A centaur skeleton (D:15)
  A komodo dragon (D:11)
  Maggie (D:8)
  An efreet (D:15)
  A kobold demonologist (D:11)
  5 yaktaurs (D:14)
  3 tengu conjurers
  3 trolls
  The ghost of croobank the Firebug, an amateur GnFE (D:4)
  Prince Ribbit (D:5)
  A blink frog (shapeshifter) (Depths:1)
  8 slime creatures
  A shadow (D:11)
  8 water elementals
  A centaur simulacrum (D:14)
  16 yaks
  2 air elementals (Elf:2)
  3 wraiths
  2 fire elementals
  Grum (D:8)
  4 steam dragons
  A basilisk (D:11)
  A redback simulacrum (D:15)
  Menkaure (D:5)
  2 acid dragons
  A warg (Orc:2)
  6 water moccasins
  16 orc warriors
  2 black bears
  3 ice beasts
  3 necrophages
  10 ogres
  2 sky beasts
  4 wolves (D:8)
  19 centaurs
  2 phantoms
  A kobold brigand (D:11)
  3 bullfrogs
  An earth elemental (Elf:1)
  A gnoll sergeant (D:13)
  3 scorpions
  A water moccasin skeleton (D:5)
  The ghost of cbfl8 the Sneak, a weakling MiDe (D:4)
  7 killer bees (D:10)
  2 electric eels (D:10)
  3 howler monkeys
  A jelly (D:5)
  2 bullfrog zombies
  A hound (D:5)
  7 orc priests
  2 bullfrog skeletons (D:6)
  2 iguanas
  38 orc wizards
  A spriggan simulacrum (D:11)
  2 troll simulacra (D:11)
  A howler monkey zombie (D:11)
  4 gnolls (D:13)
  A naga simulacrum (D:11)
  5 adders
  A white imp (D:7)
  An ufetubus (D:5)
  An adder skeleton (D:4)
  A dart slug (D:4)
  66 orcs
  3 endoplasms
  5 giant cockroaches
  13 goblins
  5 hobgoblins
  5 jackals
  8 kobolds
  2 quokkas (D:2)
  3 ball pythons
  6 bats
  3 frilled lizards
  7 rats
513 creatures vanquished.

Vanquished Creatures (collateral kills)
  A deep troll earth mage (Depths:1)
  A yak (D:4)
  6 foxfires (Depths:2)
8 creatures vanquished.

Vanquished Creatures (others)
  11 dancing weapons
  A deep elf knight (Elf:2)
  890 foxfires
  17 fungi (D:8)
  27 plants
  6 withered plants (D:4)
952 creatures vanquished.

Grand Total: 1473 creatures vanquished

Notes
Turn   | Place    | Note
-------+----------+-------------------------------------------
     0 | D:1      | unlimited1921 the Djinni Fire Elementalist began the quest
                  | for the Orb.
     0 | D:1      | Reached XP level 1. HP: 15/15 MP: 0/0
   654 | D:1      | Reached XP level 2. HP: 17/22 MP: 0/0
  1249 | D:1      | Reached XP level 3. HP: 22/26 MP: 0/0
  1249 | D:1      | Learned a level 1 spell: Apportation
  1317 | D:1      | Reached skill level 1 in Fighting
  2310 | D:2      | Reached skill level 3 in Spellcasting
  2700 | D:2      | Found a faded altar of an unknown god.
  2766 | D:2      | Reached XP level 4. HP: 24/32 MP: 0/0
  3261 | D:3      | Found a white marble altar of Elyvilon.
  4011 | D:3      | Found an opulent altar of Gozag.
  4012 | D:3      | Found a sparkling altar of Nemelex Xobeh.
  4019 | D:3      | Became a worshipper of Gozag Ym Sagoz the Greedy
  4154 | D:4      | Found a runed translucent gate.
  4158 | D:4      | Found a runed translucent gate.
  4162 | D:4      | Noticed a necrophage
  4168 | D:4      | Killed a necrophage
  4169 | D:4      | Reached skill level 1 in Short Blades
  4169 | D:4      | Reached skill level 1 in Armour
  4169 | D:4      | Reached XP level 5. HP: 30/38 MP: 0/0
  4169 | D:4      | Learned a level 2 spell: Corpse Rot
  4422 | D:4      | Noticed a yak
  4422 | D:4      | Noticed a yak
  4422 | D:4      | Noticed a yak
  4423 | D:4      | Noticed a yak
  4423 | D:4      | Noticed a yak
  4432 | D:4      | Killed a yak
  4433 | D:4      | Reached skill level 4 in Spellcasting
  4433 | D:4      | Reached XP level 6. HP: 35/45 MP: 0/0
  5351 | D:4      | Found a runed translucent gate.
  5352 | D:4      | Noticed cbfl8's ghost (weakling MiDe)
  5353 | D:4      | Noticed croobank's ghost (amateur GnFE)
  5469 | D:4      | Killed a yak
  5470 | D:4      | Reached XP level 7. HP: 39/49 MP: 0/0
  5470 | D:4      | Learned a level 3 spell: Confusing Touch
  6309 | D:2      | Killed a yak
  6662 | D:4      | Killed a yak
  6663 | D:4      | Reached skill level 5 in Spellcasting
  6663 | D:4      | Reached skill level 1 in Evocations
  6663 | D:4      | Reached XP level 8. HP: 46/56 MP: 0/0
  6666 | D:4      | Killed a yak
  6894 | D:5      | Entered Level 5 of the Dungeon
  6900 | D:5      | Noticed Menkaure
  6903 | D:5      | Killed Menkaure
  7414 | D:5      | Reached skill level 1 in Throwing
  7654 | D:5      | Reached skill level 6 in Spellcasting
  7914 | D:5      | Identified the +1 plate armour of Impermeability {+Blink}
  8003 | D:5      | Reached XP level 9. HP: 60/63 MP: 0/0
  8003 | D:5      | Learned a level 3 spell: Stone Arrow
  8158 | D:5      | Noticed Prince Ribbit
  8164 | D:5      | Killed Prince Ribbit
  9239 | D:6      | Reached skill level 5 in Fighting
  9960 | D:6      | Reached skill level 7 in Spellcasting
 10650 | D:6      | Found Qykez's Magic Scroll Boutique.
 10934 | D:6      | Bought a scroll of magic mapping for 42 gold pieces
 10934 | D:6      | Bought a scroll of enchant armour for 90 gold pieces
 10934 | D:6      | Bought 3 scrolls of fear for 126 gold pieces
 10934 | D:6      | Bought a scroll of teleportation for 36 gold pieces
 11460 | D:6      | Reached skill level 8 in Spellcasting
 11460 | D:6      | Reached XP level 10. HP: 64/70 MP: 0/0
 11756 | D:4      | Killed croobank's ghost
 11756 | D:4      | Killed cbfl8's ghost
 12928 | D:6      | Bought a scroll of magic mapping for 42 gold pieces
 12928 | D:6      | Bought a scroll of teleportation for 36 gold pieces
 13557 | D:7      | Found a staircase to the Ecumenical Temple.
 13568 | D:7      | Found Okhliv's Book Boutique.
 14439 | D:7      | Found Tosku Xai's Magic Scroll Shop.
 14449 | D:7      | Bought a scroll of identify for 28 gold pieces
 14449 | D:7      | Bought a scroll of enchant weapon for 105 gold pieces
 14449 | D:7      | Bought a scroll of teleportation for 42 gold pieces
 14449 | D:7      | Bought a scroll of identify for 28 gold pieces
 14449 | D:7      | Bought a scroll of magic mapping for 49 gold pieces
 14449 | D:7      | Bought a scroll of identify for 28 gold pieces
 14449 | D:7      | Bought a scroll of fear for 49 gold pieces
 14449 | D:7      | Bought a scroll of enchant weapon for 105 gold pieces
 14449 | D:7      | Bought a scroll of identify for 28 gold pieces
 14495 | D:7      | Found Zeshiete's Assorted Antiques.
 14783 | D:8      | Reached skill level 9 in Spellcasting
 15602 | D:8      | Noticed Grum
 15620 | D:8      | Killed Grum
 15626 | D:8      | Noticed Maggie
 15634 | D:8      | Killed Maggie
 15635 | D:8      | Reached XP level 11. HP: 36/78 MP: 0/0
 15635 | D:8      | Learned a level 4 spell: Hailstorm
 15636 | D:8      | Noticed a boulder beetle
 16035 | D:8      | Killed a boulder beetle
 16517 | D:8      | Identified the +0 leather armour "Iripruo" {rN+ Will+ Int-4
                  | Dex+5}
 16530 | D:8      | Identified the +2 plate armour of Goinuekk {-Cast Rampage
                  | rN+++ SInv}
 16784 | D:8      | Reached skill level 5 in Dodging
 17152 | D:8      | Found a staircase to the Lair.
 17313 | D:9      | Reached skill level 5 in Armour
 17389 | D:9      | Reached skill level 10 in Spellcasting
 17693 | D:9      | Identified the +0 leather armour of Fedhas's Esteem
                  | {Rampage rN+}
 17750 | D:9      | Noticed a two-headed ogre
 17916 | D:8      | Killed a two-headed ogre
 18860 | D:10     | Entered Level 10 of the Dungeon
 18892 | D:10     | Noticed a two-headed ogre
 18897 | D:10     | Killed a two-headed ogre
 18898 | D:10     | Reached skill level 1 in Staves
 19507 | D:10     | Found a staircase to the Orcish Mines.
 19774 | D:10     | Found a stormy altar of Qazlal.
 19776 | D:10     | Found a shadowy altar of Dithmenos.
 19823 | D:10     | Noticed a centaur warrior
 19828 | D:10     | Noticed an ogre mage
 19830 | D:10     | Killed a centaur warrior
 19831 | D:10     | Reached XP level 12. HP: 46/85 MP: 0/0
 20714 | D:10     | Identified the +7 broad axe "Spiderslayer" {freeze, Str+8}
 20714 | D:10     | Noticed a tengu warrior
 20731 | D:10     | Killed a tengu warrior
 20732 | D:10     | Reached skill level 11 in Spellcasting
 21072 | D:10     | Noticed a rakshasa
 21361 | D:10     | Noticed a boulder beetle
 21376 | D:10     | Killed a boulder beetle
 21921 | D:10     | Identified the +2 plate armour of Pride {rCorr}
 22463 | D:10     | Killed an ogre mage
 22779 | D:11     | Reached skill level 1 in Axes
 22897 | D:11     | Found Noul's Antique Armour Shop.
 22909 | D:11     | Bought an embroidered hat for 231 gold pieces
 22979 | D:10     | Killed a rakshasa
 23381 | D:11     | Identified the +1 scale mail of the Northern Lights
                  | {Rampage Dex+3}
 24112 | D:11     | Found Pear's Weapon Shoppe.
 24121 | D:11     | Bought the +6 arbalest "Conservator" {speed, rCorr} for 897
                  | gold pieces
 24570 | D:11     | Found Winyria's Magic Scroll Boutique.
 24580 | D:11     | Bought a scroll of summoning for 161 gold pieces
 24620 | D:11     | Found Joraynt's Antique Weapon Shop.
 24683 | D:11     | Noticed Erica
 24692 | D:11     | Killed Erica
 24842 | D:11     | Found Majalouf's Weapon Emporium.
 25094 | D:11     | Noticed Erolcha
 25098 | D:11     | Killed Erolcha
 25114 | D:11     | Reached skill level 1 in Crossbows
 25452 | D:11     | Noticed a six-headed hydra
 25460 | D:11     | Killed a six-headed hydra
 25797 | D:11     | Bought a scroll of enchant armour for 127 gold pieces
 26840 | D:12     | Reached XP level 13. HP: 83/92 MP: 0/0
 26840 | D:12     | Learned a level 5 spell: Freezing Cloud
 28300 | D:11     | Bought a scroll of identify for 34 gold pieces
 28300 | D:11     | Bought a scroll of identify for 34 gold pieces
 28300 | D:11     | Bought a scroll of identify for 34 gold pieces
 28442 | D:13     | Noticed a centaur warrior
 28442 | D:13     | Noticed a five-headed hydra
 28558 | D:13     | Reached skill level 1 in Shields
 28587 | D:13     | Reached skill level 12 in Spellcasting
 28606 | D:13     | Noticed a centaur warrior
 28614 | D:13     | Killed a centaur warrior
 28928 | D:13     | Killed a five-headed hydra
 29577 | D:13     | Noticed a boulder beetle
 29651 | D:13     | Killed a centaur warrior
 29848 | D:13     | Killed a boulder beetle
 31044 | D:14     | Noticed a vault guard
 31044 | D:14     | Noticed a vault guard
 31045 | D:14     | Found a gate to the Vaults.
 31045 | D:14     | Noticed a vault guard
 31045 | D:14     | Noticed a vault guard
 31046 | D:14     | Noticed a vault guard
 31047 | D:14     | Noticed a vault guard
 31048 | D:14     | Noticed a vault guard
 31049 | D:14     | Noticed a vault guard
 31051 | D:14     | Killed a vault guard
 31056 | D:14     | Killed a vault guard
 31092 | D:14     | Killed a vault guard
 31112 | D:14     | Killed a vault guard
 31599 | D:14     | Noticed a centaur warrior
 31606 | D:14     | Killed a centaur warrior
 31607 | D:14     | Reached XP level 14. HP: 58/101 MP: 0/0
 33576 | D:14     | Reached skill level 13 in Spellcasting
 34221 | D:15     | Entered Level 15 of the Dungeon
 34386 | D:15     | Found Roos's Jewellery Shoppe.
 34633 | D:15     | Bought an amulet of reflection for 450 gold pieces
 34633 | D:15     | Bought a ring of resist corrosion for 300 gold pieces
 35086 | D:15     | Reached skill level 5 in Shields
 36021 | D:15     | Identified the ring "Hyarip" {rF- rN+ Str+9 Int+6 Slay+6}
 36446 | D:15     | Reached skill level 10 in Fighting
 36756 | D:15     | Found a staircase to the Depths.
 36814 | Depths:1 | Entered Level 1 of the Depths
 36970 | Depths:1 | Paralysed by a great orb of eyes for 6 turns
 36978 | Depths:1 | Reached XP level 15. HP: 75/107 MP: 0/0
 36978 | Depths:1 | Learned a level 6 spell: Iron Shot
 37482 | Depths:1 | Reached skill level 14 in Spellcasting
 37815 | Depths:1 | Found a white marble altar of Elyvilon.
 39212 | Depths:1 | Found a gateway to Hell.
 39385 | Depths:2 | Noticed a fire giant
 40446 | Depths:2 | Noticed a spriggan defender
 40857 | D:11     | Bought a scroll of enchant weapon for 127 gold pieces
 40857 | D:11     | Bought a scroll of fog for 34 gold pieces
 41318 | Orc:1    | Entered Level 1 of the Orcish Mines
 42373 | Orc:2    | Entered Level 2 of the Orcish Mines
 43393 | Orc:2    | Found a staircase to the Elven Halls.
 43578 | Orc:2    | Reached skill level 10 in Dodging
 44076 | Orc:2    | Found Diest's Magic Scroll Emporium.
 44328 | Orc:2    | Found Qapenuol's Antique Weapon Shoppe.
 44442 | Orc:2    | Found Zihoshri's Book Shoppe.
 44454 | Orc:2    | Noticed Nergalle
 44462 | Orc:2    | Killed Nergalle
 44651 | Orc:2    | Bought a scroll of teleportation for 36 gold pieces
 44651 | Orc:2    | Bought a scroll of fear for 42 gold pieces
 44651 | Orc:2    | Bought a scroll of summoning for 114 gold pieces
 44957 | Orc:2    | Found Cuk Ywui's Antique Weapon Emporium.
 45202 | Elf:1    | Entered Level 1 of the Elven Halls
 45218 | Elf:1    | Reached skill level 15 in Spellcasting
 45229 | Elf:1    | Reached XP level 16. HP: 38/115 MP: 0/0
 47707 | Elf:1    | Found Veulyo's Assorted Antiques.
 48104 | Elf:1    | Found the +10 tower shield of Ignorance {rN+ Int-4}
 48104 | Elf:1    | Noticed a deep elf sorcerer
 48109 | Elf:1    | Killed a deep elf sorcerer
 49311 | Elf:2    | Found a flickering gateway to a bazaar.
 50048 | Elf:2    | HP: 2/116 [deep elf zephyrmancer/bolt of lightning (35)]
 50061 | Elf:2    | Killed from afar by a deep elf zephyrmancer

Illustrated notes

Levels and vault maps discovered:
D:1:      wheals_arrival_shading, layout_basic
D:2:      layout_loops_ring, chequers_ecumenical_altar_simple_redux,
          grunt_ministairs_6, minmay_tetromino_s4
D:3:      layout_loops_ring, mainiacjoe_overflow_cross_hatched,
          nicolae_vehumet_radiance, grunt_temple_overflow_opulence
D:4:      layout_cave_pools, gammafunk_ghost_cemetery, palyth_stone_intersect
D:5:      layout_loops_corners, uniq_prince_ribbit1, uniq_menkaure
D:6:      layout_loops_corners, serial_shops, nicolae_shop_statue_plus,
          minmay_ogre_servants
D:7:      minmay_inner_zag, layout_rooms, temple_statues, serial_shops,
          nicolae_shop_temple_entry_statues_fountains, nicolae_shop_statue_plus,
          nicolae_shop_overgrown_old_shop
D:8:      layout_basic, grunt_lair_entry_orc_guard_hut, serial_co_window_serial,
          co_window_paths_b, co_window_paths_b, co_window_corner_a,
          co_window_corner_a, co_window_paths_a, co_window_unsneaky_path_c,
          co_window_broadway_b, co_window_broadway_b, co_window_broadway_a,
          co_window_4corner_b, glass_columns_a, glass_columns_c,
          glass_columns_a, hex_tiny, uniq_maggie, uniq_grum
D:9:      layout_cave_pools
D:10:     layout_loops_ring, lemuel_doored_altar, nicolae_overflow_squiral,
          orc_0_dummy, minmay_diamond_spiral
D:11:     layout_stronghold, portal_ice_cave_entry_ice_simulacra, serial_shops,
          nicolae_shop_statue_plus, shop, kennysheep_mini,
          nicolae_lakefront_shop, nicolae_shop_window_shopping,
          grunt_ministairs_1, uniq_erica, uniq_erolcha
D:12:     layout_stronghold
D:13:     layout_basic
D:14:     layout_roguey, erik_vaults_2, patterned_corridor, moated_statue
D:15:     grunt_enter_depths_magical_seal, layout_stronghold,
          grunt_decor_mini_mirrors, nicolae_inconvenience_store
Orc:1:    layout_caves, nicolae_orc_pool_cavern, lightli_orcish_oven
Orc:2:    kennysheep_orc_mage_school, layout_diamond_mine
Elf:1:    nicolae_elf_arrival_no_cutting_in_line, layout_onion_city,
          serial_shops, shop, hangedman_elf_represent
Elf:2:    elven_hall_of_blades_hangedman_alternative
          [nicolae_blade_entry_area_security], layout_geoelf_diagonals,
          serial_shops, bzr_entry_dummy, grunt_megastairs_3
Depths:1: layout_basic, pf_hell_entry_tar_spiral,
          serial_sigils_hangedman_writhe, elyvilon_altar_4, serial_bayou_shore_b
Depths:2: nicolae_cairo_tiling_very_big, layout_small_grid,
          rand_demon_pan_entry_8, enter_trove_6, grunt_hell_entry_dis_mu,
          chequers_big_river, kennysheep_flooded_box

Skill      XL: |  1  2  3  4  5  6  7  8  9 10 11 12 13 14 15 16 |
---------------+-------------------------------------------------+-----
Fighting       | 1 2 3 4 5 6 7 8 9 10 11 | 11.1
Spellcasting   | 3 4 5 6 8 9 10 11 12 13 15 | 15.8
Short Blades   | 1 2 |  2.0
Armour         | 1 2 3 4 5 6 7 8 9 |  9.3
Stealth        | 2 3 4 |  4.1
Dodging        | 3 4 6 7 8 9 10 11 | 11.0
Evocations     | 1 |  1.7
Throwing       | 1 |  1.7
Staves         | 1 2 |  2.0
Axes           | 1 3 4 |  4.8
Crossbows      | 2 |  2.4
Shields        | 3 5 6 7 |  7.4

Action                   |  1- 3 |  4- 6 |  7- 9 | 10-12 | 13-15 | 16-18 || total
-------------------------+-------+-------+-------+-------+-------+-------++-------
Melee: Short sword       |    29 |     1 |    10 |     8 |       |       ||    48
       Punch             |       |       |       |     1 |       |       ||     1
       Broad axe         |       |       |       |     9 |   101 |    38 ||   148
Throw: Dart              |       |       |     6 |       |     7 |       ||    13
       Boomerang         |       |       |       |       |     1 |       ||     1
 Cast: Foxfire           |    29 |    31 |    32 |   177 |   240 |    24 ||   533
       Scorch            |     7 |    20 |    18 |    39 |    36 |     1 ||   121
       Apportation       |       |     1 |       |       |       |       ||     1
       Inner Flame       |       |     1 |    22 |   113 |   134 |    19 ||   289
       Confusing Touch   |       |       |     4 |     1 |     2 |       ||     7
       Stone Arrow       |       |       |    33 |    97 |    53 |       ||   183
       Flame Wave        |       |       |     1 |       |     3 |       ||     4
       Hailstorm         |       |       |       |    14 |    25 |     7 ||    46
       Freezing Cloud    |       |       |       |       |    70 |     7 ||    77
       Iron Shot         |       |       |       |       |    35 |    40 ||    75
Evoke: Wand              |       |     7 |       |     6 |     3 |       ||    16
       Phantom mirror    |       |       |       |     1 |       |       ||     1
  Use: Scroll            |       |       |     4 |    22 |    12 |       ||    38
       Potion            |       |       |       |     4 |     2 |     2 ||     8
 Stab: Sleeping          |     1 |       |       |       |       |       ||     1
       Distracted        |       |       |       |       |     1 |       ||     1
Armor: Robe              |     4 |       |       |       |       |       ||     4
       Leather armour    |       |     4 |    12 |    24 |       |       ||    40
       Scale mail        |       |       |       |    10 |    53 |    11 ||    74
Dodge: Dodged            |    28 |     4 |    23 |    54 |    70 |    16 ||   195
Block: Kite shield       |       |       |       |    19 |   149 |    44 ||   212
       Reflection        |       |       |       |       |    12 |     4 ||    16
